 Dungeon Crawl Stone Soup version 0.28-a0-511-gcc94558de3 (webtiles) character file.

Game seed: 996982973744530361

173 Iscandelvey the Conjurer (level 5, 0/35 HPs)
             Began as a Human Conjurer on Sept 21, 2021.
             Slain by an orc wizard (1 damage)
             ... on level 4 of the Dungeon.
             The game lasted 00:09:07 (3888 turns).

Iscandelvey the Conjurer (Human Conjurer)           Turns: 3888, Time: 00:09:08

Health: 0/35       AC:  3    Str:  8    XL:     5   Next: 83%
Magic:  0/9        EV: 12    Int: 19    God:
Gold:   136        SH:  0    Dex: 11    Spells: 4/10 levels left

rFire   . . .      SeeInvis .   e - +1 broad axe (holy)
rCold   . . .      Faith    .   (no shield)
rNeg    . . .      Spirit   .   a - +0 robe
rPois   .          Reflect  .   l - +0 helmet
rElec   .          Harm     .   (no cloak)
rCorr   .          Rampage  .   (no gloves)
Will    .....                   (no boots)
Stlth   ++........              (no amulet)
HPRegen 0.11/turn               (no ring)
MPRegen 0.11/turn               (no ring)

@: flying
A: no striking features
a: no special abilities


You were on level 4 of the Dungeon.
You visited 1 branch of the dungeon, and saw 4 of its levels.

You collected 136 gold pieces.

Inventory:

Hand Weapons
 e - a +1 broad axe of holy wrath (weapon)
Missiles
 j - 25 arrows
Armour
 a - a +0 robe (worn)
 l - a +0 helmet (worn)
 o - a +0 kite shield
Magical Staves
 f - a staff of cold
Scrolls
 c - 2 scrolls of identify {unknown}
 h - a scroll of torment {unknown}
 p - a scroll of enchant weapon {unknown}
 q - a scroll of magic mapping {unknown}
Potions
 g - a potion of resistance {unknown}
 i - a potion of lignification {unknown}
 k - a potion of attraction {unknown}
 m - a potion of berserk rage {unknown}
 n - a potion of haste {unknown}


   Skills:
 + Level 1.3 Armour
 + Level 2.8 Dodging
 + Level 2.6 Stealth
 + Level 0.6 Shields
 * Level 3.0 Spellcasting
 * Level 5.0 Conjurations


You had 4 spell levels left.
You knew the following spells:

 Your Spells              Type           Power      Damage    Failure   Level
a - Magic Dart            Conj           88%        1d7       1%          1
b - Searing Ray           Conj           44%        2d6       3%          2
c - Dazzling Flash        Conj/Hex       24%        N/A       16%         3

Your spell library contained the following spells:

 Spells                   Type           Power      Damage    Failure   Level
 Fulminant Prism          Conj/Hex       6%         3d7       47%         4
 Iskenderun's Mystic Bla  Conj/Tloc      12%        2d5       47%         4


Dungeon Overview and Level Annotations

Branches:
Dungeon (4/15)
 Temple: D:4-7

Altars:
Fedhas


Message History

It was a potion of heal wounds.
You feel much better.
You hear some strange, mumbled words.
A magic dart appears from out of thin air!
The magic dart hits you.
You miss something. Something hits you but does no damage. Something hits you.
You closely miss something. Something barely misses you.
You barely miss something. Something hits you. x2
You miss something.
You hear some strange, mumbled words.
You are confused.
You barely miss something. Something hits you. x2
You bump into the rock wall.
You hear some strange, mumbled words.
A puff of flame appears from out of thin air!
The puff of flame hits you.
You bump into the rock wall.
You hear some strange, mumbled words.
A puff of flame appears from out of thin air!
The puff of flame hits you.
* * * LOW HITPOINT WARNING * * *
Something hits you.
* * * LOW HITPOINT WARNING * * *
You bump into the rock wall.
You feel less confused. Something hits you.
* * * LOW HITPOINT WARNING * * *
You miss something. Something hits you.
* * * LOW HITPOINT WARNING * * *
Something hits you but does no damage.
Casting: Searing Ray (safe; 3% risk of failure)
Confirm with . or Enter, or press ? or * to list all spells.
You can't see any susceptible monsters within range! (Use Z to cast anyway.)
Casting: Searing Ray (safe; 3% risk of failure)
Confirm with . or Enter, or press ? or * to list all spells.
Aiming: Searing Ray (safe; 3% risk of failure)
Press: ? - help, Shift-Dir - straight line The searing ray hits something. (Press . to maintain the ray.)
Something hits you.
You die...

[....................#
..##########.##..##.## ..
###+######... .$...
............. ...o
............. . ...o
............. .. #oo# ###
#######...#####
...###..###.###[.####...##..#
........#...@.....[.#........
........#....{.)....+........
#...##########'###..#####
.###.oo###.##.##..###..##..#
................#...#........
................#...#........
..##..##.####..##...##>.##..#
. #.. #+####..##o..##..##..#
#.. #........o...#....#...


There were no monsters in sight!

Vanquished Creatures
  A hound (D:4)
  An orc priest (D:4)
  A hound skeleton (D:4)
  Robin (D:3)
  4 adders
  3 worms
  A dart slug (D:2)
  2 orcs (D:4)
  4 bats
  5 endoplasms
  2 giant cockroaches
  3 goblins
  4 hobgoblins (D:3)
  2 jackals (D:1)
  3 kobolds
  3 ball pythons
  2 frilled lizards
  5 rats
47 creatures vanquished.

Notes
Turn   | Place    | Note
-------+----------+-------------------------------------------
     0 | D:1      | Iscandelvey the Human Conjurer began the quest for the Orb.
     0 | D:1      | Reached XP level 1. HP: 13/13 MP: 3/3
   120 | D:1      | Found a faded altar of an unknown god.
   517 | D:1      | Reached XP level 2. HP: 19/19 MP: 3/5
  1013 | D:1      | Learned a level 2 spell: Searing Ray
  1460 | D:2      | Reached XP level 3. HP: 19/24 MP: 0/6
  2058 | D:2      | Learned a level 3 spell: Dazzling Flash
  2168 | D:3      | Reached XP level 4. HP: 23/30 MP: 4/7
  2547 | D:3      | Noticed Robin
  2552 | D:3      | Killed Robin
  2721 | D:3      | Found a blossoming altar of Fedhas.
  3369 | D:4      | Reached skill level 1 in Armour
  3507 | D:4      | Reached XP level 5. HP: 35/35 MP: 7/9
  3874 | D:4      | Reached skill level 5 in Conjurations
  3887 | D:4      | HP: 1/35 [something (3)]
  3888 | D:4      | Slain by an orc wizard

Illustrated notes

Levels and vault maps discovered:
D:1:      saegor_arrival_under_anarchy, layout_basic, basic_ecumenical_altar
D:2:      layout_loops_ring
D:3:      layout_basic, fedhas_altar_2, uniq_robin
D:4:      layout_gridville

Skill      XL: |  1  2  3  4  5 |
---------------+----------------+-----
Armour         | 1 |  1.3
Spellcasting   | 3 |  3.0
Conjurations   | 5 |  5.0
Dodging        | |  2.8
Stealth        | |  2.6
Shields        | |  0.6

Action                   |  1- 3 |  4- 6 || total
-------------------------+-------+-------++-------
Melee: Broad axe         |    10 |    49 ||    59
 Cast: Magic Dart        |    32 |    13 ||    45
       Searing Ray       |     7 |    11 ||    18
  Use: Potion            |       |     2 ||     2
 Stab: Sleeping          |     1 |     4 ||     5
Armor: Robe              |     1 |    27 ||    28
Dodge: Dodged            |    20 |    53 ||    73

Table legend: (Time is in decaauts)
 A = Elapsed time spent in this place.
 B = Non-inter-level travel time spent in this place.
 C = Inter-level travel time spent in this place.
 D = Time resting spent in this place.
 E = Time spent auto-exploring this place.
 F = Levels seen in this place.
 G = Mean time per level.
                   A        B        C        D        E       F      G
               +--------+--------+--------+--------+--------+-----+--------+
         Total |   3924 |   3869 |     55 |   1116 |   2212 |   4 |  981.0 |
       Dungeon |   3924 |   3869 |     55 |   1116 |   2212 |   4 |  981.0 |
               +--------+--------+--------+--------+--------+-----+--------+

Top non-repeatable levels by time:
     D:3: 1304 daAuts
     D:2: 1142 daAuts
     D:1: 940 daAuts
     D:4: 536 daAuts
